 Dungeon Crawl Stone Soup version 0.30-a0-953-g5f1da4a474 (webtiles) character file.

Game seed: 8765575259330940962

1763 sircluck the Slasher (level 9, -12/69 HPs)
             Began as a Gnoll Reaver on Mar 16, 2023.
             Was a Priest of Qazlal.
             Mangled by an orc warrior
             ... wielding a +0 scimitar
              (14 damage)
             ... on level 6 of the Dungeon on Mar 28, 2023.
             The game lasted 00:23:28 (6128 turns).

sircluck the Slasher (Gnoll Reaver)                 Turns: 6128, Time: 00:23:29

Health: -12/69     AC: 10    Str: 20    XL:     9   Next: 7%
Magic:  18/18      EV: 13    Int: 15    God:    Qazlal [***...]
Gold:   354        SH:  4    Dex: 11    Spells: 20/21 levels left

rFire   . . .      SeeInvis +    p - +6 mace of the Aged Mystics {heavy, rCorr Str+7}
rCold   . . .      Faith    .    (no shield)
rNeg    . . .      Spirit   .    b - +0 leather armour
rPois   .          Reflect  .    (no helmet)
rElec   .          Rampage  .    A - +1 cloak
rCorr   +                        c - +0 pair of gloves
Will    .....                    (no boots)
Stlth   ++                       (no amulet)
HPRegen 0.31/turn                f - ring of see invisible
MPRegen 0.16/turn                n - +4 ring of protection

@: no status effects
A: fangs 1, strong nose, distributed training
a: Renounce Religion, Upheaval, Elemental Force


You were on level 6 of the Dungeon.
You worshipped Qazlal.
Qazlal was most pleased with you.
You visited 1 branch of the dungeon, and saw 6 of its levels.

You collected 354 gold pieces.

Inventory:

Hand Weapons
 a - a +0 falchion
 i - a +0 dagger
 p - the +6 mace of the Aged Mystics (weapon) {heavy, rCorr Str+7}
   (You found it on level 2 of the Dungeon)

   Str:       It affects your strength (+7).
   rCorr:     It protects you from acid and corrosion.
 y - a +4 quarterstaff of chaos
 B - the +4 hammer "Yduygreawk" {spect, rC+++ rN+ Int-4 Dex-5}
   (You found it on level 4 of the Dungeon)

   Int:       It affects your intelligence (-4).
   Dex:       It affects your dexterity (-5).
   rC:        It renders you almost immune to cold.
   rN:        It protects you from negative energy.
 G - a +5 flail of protection
Missiles
 h - 14 stones
 j - 3 javelins (quivered)
 l - 6 poisoned darts
 v - 3 boomerangs
Armour
 b - a +0 leather armour (worn)
 c - a +0 pair of gloves (worn)
 A - a +1 cloak (worn)
Jewellery
 f - a ring of see invisible (left hand)
 n - a +4 ring of protection (right hand)
 s - a ring of wizardry
 C - a ring of positive energy
Wands
 w - a wand of flame (28)
 D - a wand of quicksilver (9)
 E - a wand of charming (7)
Scrolls
 d - a scroll of enchant weapon {unknown}
 e - a scroll of poison {unknown}
 g - a scroll of identify
 m - 2 scrolls of teleportation {unknown}
 o - 3 scrolls of enchant armour
 t - a scroll of butterflies {unknown}
 x - a scroll of brand weapon {unknown}
 F - a scroll of magic mapping {unknown}
Potions
 k - 2 potions of heal wounds {unknown}
 q - a potion of might {unknown}
 r - 2 potions of attraction {unknown}
 u - 5 potions of curing {unknown}
 z - a potion of degeneration {unknown}


   Skills:
 + Level 6.1 Fighting
 + Level 4.0 Short Blades
 + Level 7.7 Long Blades
 + Level 4.0 Axes
 + Level 4.0 Maces & Flails
 + Level 4.0 Polearms
 + Level 4.0 Staves
 + Level 4.0 Ranged Weapons
 + Level 4.0 Throwing
 + Level 4.0 Armour
 + Level 6.1 Dodging
 + Level 4.0 Stealth
 + Level 4.0 Shields
 + Level 4.0 Unarmed Combat
 + Level 6.5 Spellcasting
 + Level 6.4 Conjurations
 + Level 3.3 Hexes
 + Level 3.3 Summonings
 + Level 3.3 Necromancy
 + Level 3.3 Translocations
 + Level 3.3 Transmutations
 + Level 3.3 Fire Magic
 + Level 3.3 Ice Magic
 + Level 3.3 Air Magic
 + Level 3.3 Earth Magic
 + Level 3.3 Poison Magic
 + Level 4.4 Invocations
 + Level 4.0 Evocations


You had 20 spell levels left.
You knew the following spells:

 Your Spells              Type           Power      Damage    Failure   Level
a - Kiss of Death         Conj/Necr      76%        2d11      2%          1

Your spell library contained the following spells:

 Spells                   Type           Power      Damage    Failure   Level
 Momentum Strike          Conj/Tloc      38%        3d9       3%          2
 Apportation              Tloc           28%        N/A       4%          1
 Beastly Appendage        Tmut           28%        N/A       4%          1
 Freeze                   Ice            56%        1d7       4%          1
 Necrotise                Necr           56%        1d6       4%          1
 Summon Small Mammal      Summ           56%        N/A       4%          1
 Cigotuvi's Dreadful Rot  Necr/Pois/Air  28%        N/A       6%          2
 Poisonous Vapours        Pois/Air       28%        N/A       6%          2
 Wereblood                Tmut           14%        N/A       6%          2
 Hailstorm                Conj/Ice       19%        3d6       6%          3
 Mephitic Cloud           Conj/Pois/Air  17%        N/A       9%          3
 Call Canine Familiar     Summ           14%        N/A       12%         3
 Frozen Ramparts          Ice            28%        1d5       12%         3
 Portal Projectile        Hex/Tloc       28%        N/A       12%         3
 Spider Form              Tmut/Pois      14%        N/A       12%         3
 Leda's Liquefaction      Hex/Erth       7%         N/A       38%         4
 Chain Lightning          Conj/Air       9%         3d12      100%        9
 Fire Storm               Conj/Fire      9%         8d3       100%        9
 Shatter                  Erth           7%         3d9*      100%        9


Dungeon Overview and Level Annotations

Branches:
Dungeon (6/15)             Temple (0/1) D:4

Altars:
Dithmenos
Fedhas
Qazlal
Xom
The Shining One

Shops:
D:4 :


Innate Abilities, Weirdness & Mutations

You have very sharp teeth.
Your uncanny sense of smell can sniff out nearby items.
Your experience applies equally to all skills.


Message History

You sock the sleepcap!
You destroy the sleepcap!
Qazlal accepts your kill.
The orc warrior zaps a wand.
The mass of ice explodes!
The iceblast engulfs you!
You hear a shout! x3
You hit the orc warrior.
The orc warrior is lightly wounded.
An orc wizard comes into view. It is wielding a +0 dagger.
The orc warrior unwields a +0 arbalest.
The orc warrior wields a +0 scimitar.
The orc warrior hits you with a +0 scimitar.
The orc barely misses you.
You sock the orc warrior!
You bite the orc warrior, but do no damage.
The orc warrior is heavily wounded.
You block the orc warrior's attack. You block the orc's attack.
The orc wizard mumbles some strange words.
The orc wizard flickers and vanishes for a moment.
The orc warrior hits you with a +0 scimitar.
* * * LOW HITPOINT WARNING * * *
The orc hits you but does no damage.
You hit the orc warrior.
You bite the orc warrior, but do no damage.
The orc warrior is severely wounded.
You block the orc warrior's attack. The orc misses you.
The orc warrior closely misses you. The orc barely misses you.
You barely miss the orc warrior.
The orc warrior is severely wounded.
The orc warrior barely misses you. The orc hits you but does no damage.
The orc warrior closely misses you.
You barely miss the orc warrior.
The orc warrior is severely wounded.
The orc warrior barely misses you.
The orc warrior hits you with a +0 scimitar!
* * * LOW HITPOINT WARNING * * *
As you read the scroll labelled EDICVU SUROINE, it crumbles to dust.
It is a scroll of identify.
o - 3 scrolls of enchant armour The orc warrior hits you with a +0 scimitar!
You die...

#........#.#
#.....#.##.#
#.....#.##.#
#.....#.##.#
#.....#.##)#.
#....o#@##.#.
#.#.#o#....#.#
#.#)#o#....#.# #
#.#@#.##.#.#
#.#.#.##.#.#
#.#......#######
#[#.......<....#
#.#............#
#.#............#
#####†##.#.#.......#
#.....)..#.#.......#
#........#.#.#######


You could see an orc warrior, an orc wizard (invisible) and an orc.

Vanquished Creatures
  Edmund (D:6)
  A black bear (D:6)
  An ice beast (D:5)
  An ogre (D:4)
  Blork the orc (D:5)
  4 scorpions
  A howler monkey (D:6)
  3 electric eels (D:3)
  2 hounds
  Crazy Yiuf (D:4)
  2 jellies (D:5)
  3 orc priests
  2 sleepcaps
  4 iguanas
  Ijyb (D:5)
  4 orc wizards (D:4)
  7 gnolls
  7 adders
  2 shadow imps (D:6)
  A white imp (D:5)
  An ufetubus (D:6)
  4 worms
  A dart slug (D:4)
  21 orcs
  8 ball pythons
  4 endoplasms
  6 giant cockroaches
  14 goblins
  14 hobgoblins
  6 jackals (D:4)
  11 kobolds
  2 quokkas
  8 bats
  5 frilled lizards
  5 rats
159 creatures vanquished.

Vanquished Creatures (collateral kills)
  A sky beast (D:6)
1 creature vanquished.

Vanquished Creatures (others)
  4 fungi (D:4)
  9 plants
13 creatures vanquished.

Grand Total: 173 creatures vanquished

Notes
Turn   | Place    | Note
-------+----------+-------------------------------------------
     0 | D:1      | sircluck the Gnoll Reaver began the quest for the Orb.
     0 | D:1      | Reached XP level 1. HP: 20/20 MP: 6/6
    38 | D:1      | Upgraded the game from 0.30-a0-883-g5ad918d77d to
                  | 0.30-a0-937-ga0a21ad780
   109 | D:1      | Reached XP level 2. HP: 24/26 MP: 7/7
   545 | D:1      | Reached skill level 5 in Spellcasting
   545 | D:1      | Reached XP level 3. HP: 29/31 MP: 7/9
   674 | D:1      | Reached skill level 1 in Invocations
  1141 | D:2      | Identified the +6 mace of the Aged Mystics {heavy, rCorr
                  | Str+7}
  1177 | D:2      | Reached skill level 1 in Short Blades
  1177 | D:2      | Reached skill level 1 in Axes
  1177 | D:2      | Reached skill level 1 in Maces & Flails
  1177 | D:2      | Reached skill level 1 in Polearms
  1177 | D:2      | Reached skill level 1 in Staves
  1177 | D:2      | Reached skill level 1 in Ranged Weapons
  1177 | D:2      | Reached skill level 1 in Throwing
  1177 | D:2      | Reached skill level 1 in Armour
  1177 | D:2      | Reached skill level 1 in Stealth
  1177 | D:2      | Reached skill level 1 in Shields
  1177 | D:2      | Reached skill level 1 in Unarmed Combat
  1177 | D:2      | Reached skill level 1 in Evocations
  1230 | D:2      | Reached XP level 4. HP: 38/38 MP: 11/11
  1331 | D:2      | Found a faded altar of an unknown god.
  1386 | D:2      | Reached skill level 1 in Hexes
  1386 | D:2      | Reached skill level 1 in Summonings
  1386 | D:2      | Reached skill level 1 in Necromancy
  1386 | D:2      | Reached skill level 1 in Translocations
  1386 | D:2      | Reached skill level 1 in Transmutations
  1386 | D:2      | Reached skill level 1 in Fire Magic
  1386 | D:2      | Reached skill level 1 in Ice Magic
  1386 | D:2      | Reached skill level 1 in Air Magic
  1386 | D:2      | Reached skill level 1 in Earth Magic
  1386 | D:2      | Reached skill level 1 in Poison Magic
  1746 | D:2      | Prayed at the altar of an unknown god.
  1746 | D:2      | Became a worshipper of Qazlal Stormbringer
  1746 | D:2      | Reached * piety under Qazlal
  1918 | D:3      | Reached XP level 5. HP: 36/43 MP: 12/12
  2015 | D:3      | Found a transporter.
  2030 | D:3      | Found a transporter.
  2381 | D:3      | Reached ** piety under Qazlal
  2782 | D:3      | Reached XP level 6. HP: 27/50 MP: 14/14
  2930 | D:3      | Reached skill level 5 in Fighting
  2930 | D:3      | Reached skill level 5 in Dodging
  3384 | D:4      | Reached skill level 7 in Long Blades
  3384 | D:4      | Reached XP level 7. HP: 43/56 MP: 15/15
  3446 | D:4      | Found Raqeimej's Book Boutique.
  3815 | D:4      | Found a staircase to the Ecumenical Temple.
  4312 | D:4      | Found a runed translucent door.
  4313 | D:4      | Noticed Crazy Yiuf
  4322 | D:4      | Killed Crazy Yiuf
  4328 | D:4      | Identified the +4 hammer "Yduygreawk" {spect, rC+++ rN+
                  | Int-4 Dex-5}
  4420 | D:5      | Entered Level 5 of the Dungeon
  4472 | D:5      | Upgraded the game from 0.30-a0-937-ga0a21ad780 to
                  | 0.30-a0-953-g5f1da4a474
  4504 | D:5      | Found a blossoming altar of Fedhas.
  4508 | D:5      | Noticed Ijyb
  4515 | D:5      | Killed Ijyb
  4515 | D:5      | Reached *** piety under Qazlal
  4710 | D:5      | Found a glowing golden altar of the Shining One.
  4710 | D:5      | Found a shimmering altar of Xom.
  4837 | D:5      | Reached XP level 8. HP: 55/63 MP: 16/16
  5118 | D:5      | Noticed Blork the orc
  5126 | D:5      | Killed Blork the orc
  5398 | D:5      | Found a shadowy altar of Dithmenos.
  5852 | D:6      | Noticed Edmund
  5923 | D:6      | Killed Edmund
  5924 | D:6      | Reached XP level 9. HP: 27/69 MP: 18/18
  6127 | D:6      | HP: 2/69 [orc warrior/+0 scimitar (16)]
  6128 | D:6      | Mangled by an orc warrior

Illustrated notes

Levels and vault maps discovered:
D:1:      dpeg_arrival_prison, layout_basic, minmay_tetromino_s4
D:2:      layout_rooms, shapermc_ecumenical_altar_totnotflames,
          amcnicky_mini_pool_small, chequers_serial_rivers_micro_d,
          minmay_misc_feat_more_columns, chequers_decorated_corner
D:3:      gammafunk_steamed_eel, layout_basic, minmay_goblin_outpost
D:4:      layout_basic, minmay_temple_entry_overgrown, serial_shops, shop,
          minmay_misc_feat_pillars, hangedman_abyss_or_decor_passed,
          minmay_a_box_with_orc_wizards_in_it, uniq_crazy_yiuf_cottage
D:5:      layout_loops_cross, kennysheep_little_box,
          gammafunk_temple_overflow_wave, grunt_dithmenos_smoke,
          uniq_blork_the_orc, uniq_ijyb
D:6:      layout_basic, nicolae_evil_shop, uniq_edmund, uniq_duvessa

Skill      XL: |  1  2  3  4  5  6  7  8  9 |
---------------+----------------------------+-----
Spellcasting   | 5 6 |  6.5
Invocations    | 1 2 3 4 |  4.4
Short Blades   | 1 2 3 4 |  4.0
Axes           | 1 2 3 4 |  4.0
Maces & Flails | 1 2 3 4 |  4.0
Polearms       | 1 2 3 4 |  4.0
Staves         | 1 2 3 4 |  4.0
Ranged Weapons | 1 2 3 4 |  4.0
Throwing       | 1 2 3 4 |  4.0
Armour         | 1 2 3 4 |  4.0
Stealth        | 1 2 3 4 |  4.0
Shields        | 1 2 3 4 |  4.0
Unarmed Combat | 1 2 3 4 |  4.0
Evocations     | 1 2 3 4 |  4.0
Hexes          | 1 2 3 |  3.3
Summonings     | 1 2 3 |  3.3
Necromancy     | 1 2 3 |  3.3
Translocations | 1 2 3 |  3.3
Transmutations | 1 2 3 |  3.3
Fire Magic     | 1 2 3 |  3.3
Ice Magic      | 1 2 3 |  3.3
Air Magic      | 1 2 3 |  3.3
Earth Magic    | 1 2 3 |  3.3
Poison Magic   | 1 2 3 |  3.3
Fighting       | 5 6 |  6.1
Dodging        | 5 6 |  6.1
Long Blades    | 7 |  7.7
Conjurations   | 6 |  6.4

Action                     |  1- 3 |  4- 6 |  7- 9 || total
---------------------------+-------+-------+-------++-------
  Melee: Falchion          |   115 |       |       ||   115
         Bite              |     9 |     6 |    15 ||    30
         Punch             |     3 |       |     4 ||     7
         Mace              |     7 |    90 |   169 ||   266
  Throw: Stone             |    13 |    19 |     6 ||    38
         Javelin           |       |    14 |    13 ||    27
         Dart              |       |     6 |       ||     6
         Throwing net      |       |     1 |       ||     1
   Cast: Kiss of Death     |       |     1 |       ||     1
  Evoke: Wand              |       |       |     2 ||     2
    Use: Scroll            |     1 |       |     1 ||     2
 Armour: Leather armour    |    42 |    39 |    80 ||   161
  Dodge: Dodged            |    78 |    74 |   152 ||   304
  Block: Other             |       |     8 |    39 ||    47

Table legend: (Time is in decaauts)
 A = Elapsed time spent in this place.
 B = Non-inter-level travel time spent in this place.
 C = Inter-level travel time spent in this place.
 D = Time resting spent in this place.
 E = Time spent auto-exploring this place.
 F = Levels seen in this place.
 G = Mean time per level.
                   A        B        C        D        E       F      G
               +--------+--------+--------+--------+--------+-----+--------+
         Total |   6387 |   5932 |    455 |    654 |   3871 |   6 | 1064.5 |
       Dungeon |   6387 |   5932 |    455 |    654 |   3871 |   6 | 1064.5 |
               +--------+--------+--------+--------+--------+-----+--------+

Top non-repeatable levels by time:
     D:3: 1409 daAuts
     D:5: 1407 daAuts
     D:4: 1393 daAuts
     D:1: 1080 daAuts
     D:2: 691 daAuts
     D:6: 404 daAuts
